 Dungeon Sprint DCSS version 0.28.0-53-g5a82cb258f (webtiles) character file.

Game seed: 4897115152791800063

17145 boopmooplesden the Warrior (level 12, -2/130 HPs)
             Began as a Minotaur Berserker on July 6, 2022.
             Was the Champion of Trog.
             Succumbed to a death drake's dark miasma
             ... in the Dungeon (Sprint III: "The Ten Rune Challenge").
             The game lasted 00:08:38 (3633 turns).

boopmooplesden the Warrior (Minotaur Berserker)     Turns: 3633, Time: 00:08:39

Health: -2/130     AC: 18    Str: 24    XL:     12   Next: 16%
Magic:  11/11      EV: 11    Int:  4    God:    Trog [******]
Gold:   1739       SH:  4    Dex: 13    Spells: 11/11 levels left

rFire   . . .      SeeInvis .   F - +4 triple sword (flame)
rCold   + . .      Faith    .   (shield currently unavailable)
rNeg    . . .      Spirit   .   v - +0 plate armour
rPois   .          Reflect  .   D - +1 hat
rElec   .          Harm     .   q - +0 cloak
rCorr   .          Rampage  .   (no gloves)
Will    +....      NoTele   +   (no boots)
Stlth   ..........              (no amulet)
HPRegen 0.31/turn               (no ring)
MPRegen 0.12/turn               (no ring)

@: lethally poisoned (-2 -> -57), slowed, very slow
A: horns 2, retaliatory headbutt, talons 1, large bone plates 1, cold resistance
1, strong-willed 1
a: Renounce Religion, Berserk, Trog's Hand, Brothers in Arms


You were in the Dungeon.
You worshipped Trog.
Trog was exalted by your worship.
You visited 1 branch You collected 2033 gold pieces.
You spent 294 gold pieces at shops.

Inventory:

Hand Weapons
 a - a +0 falchion
 r - a +1 long sword of holy wrath
 t - the +4 great sword of Fee Simple {vorpal, Str-2 SInv Stlth+}
   (Trog gifted it to you in the Dungeon)

   It inflicts extra damage upon your enemies.
   Str:       It affects your strength (-2).
   SInv:      It lets you see invisible.
   Stlth:     It makes you more stealthy.
 w - the +8 battleaxe of Debt {venom, rPois rF+ Str+3 Dex-4}
   (You bought it in a shop in the Dungeon)

   It poisons the flesh of those it strikes.
   Str:       It affects your strength (+3).
   Dex:       It affects your dexterity (-4).
   rF:        It protects you from fire.
   rPois:     It protects you from poison.
 y - a +4 antimagic demon blade
 z - a +1 antimagic dire flail
 A - a +4 antimagic double sword
 B - the +3 battleaxe of Xihyed {vorpal, Stlth+}
   (Trog gifted it to you in the Dungeon)

   It inflicts extra damage upon your enemies.
   Stlth:     It makes you more stealthy.
 E - a +1 great sword of flaming
 F - a +4 triple sword of flaming (weapon)
 G - the +3 falchion "Fuson" {flame, rF- rN+ SInv Stlth+}
   (Trog gifted it to you in the Dungeon)

   It burns those it strikes, dealing additional fire damage.
   Big, fiery blades are also staple armaments of hydra-hunters.
   rF:        It makes you vulnerable to fire.
   rN:        It protects you from negative energy.
   SInv:      It lets you see invisible.
   Stlth:     It makes you more stealthy.
Armour
 b - a +0 animal skin
 q - a +0 cloak (worn)
 u - a +0 chain mail
 v - a +0 plate armour (worn)
 D - a +1 hat (worn)
Wands
 p - a wand of iceblast (7)
Scrolls
 h - a scroll of blinking
 i - a scroll of acquirement {unknown}
 k - a scroll of holy word {unknown}
 l - 3 scrolls of identify {unknown}
 m - a scroll of immolation {unknown}
Potions
 c - 3 potions of curing
 d - a potion of heal wounds
 e - 2 potions of haste
 f - 2 potions of magic
 g - 2 potions of berserk rage
 j - a potion of mutation
 n - a potion of might
 o - a potion of flight {unknown}
 x - a potion of ambrosia {unknown}
 C - 2 potions of attraction {unknown}
Miscellaneous
 s - a box of beasts


   Skills:
 + Level 19.6 Fighting
 + Level 19.1 Long Blades
 + Level 17.0 Axes
 + Level 12.2 Armour
 + Level 11.3 Dodging
 + Level 4.7 Stealth
 + Level 8.1 Shields
 + Level 1.1 Evocations


You had 11 spell levels left.
You didn't know any spells.
Your spell library was empty.

Dungeon Overview and Level Annotations

Branches:
Dungeon (1/1)

Altars:
Cheibriados
Dithmenos
Elyvilon
Fedhas
Gozag
Hepliaklqana
Kikubaaqudgha
Makhleb
Nemelex Xobeh
Okawaru
Qazlal
Ru
Sif Muna
Trog
Uskayaw
Vehumet
Wu Jian
Xom
Yredelemnul
Zin
The Shining One
Beogh
Jiyva
Lugonu

Shops:
D =![*


Innate Abilities, Weirdness & Mutations

You have a pair of horns on your head.
You reflexively headbutt those who attack you in melee.
You have sharp toenails.
You are partially covered in large bone plates. (SH +4)
Your flesh is cold resistant. (rC+)
You are strong-willed. (Will+)


Message History

You are poisoned.
You feel yourself slow down.
You feel very sick.
The plant is engulfed in dark miasma.
You slice the death drake!! You burn the death drake!
Your kick misses the death drake. You headbutt the death drake!
The death drake is heavily wounded.
You are engulfed in dark miasma.
You are more poisoned.
You feel extremely sick.
The plant is engulfed in dark miasma.
The plant begins to die.
The death drake bites you but does no damage. x2
You slash the death drake! You burn the death drake!
Your kick misses the death drake.
The death drake is almost dead.
You are engulfed in dark miasma.
You are more poisoned.
You feel extremely sick.
The plant is engulfed in dark miasma.
The plant is poisoned.
You block the death drake's attack.
You hit the death drake. You burn the death drake. You claw the death drake!
The death drake is almost dead.
You are engulfed in dark miasma.
You are lethally poisoned!
You feel extremely sick.
The plant is engulfed in dark miasma.
The death drake misses you. x2
The swamp dragon skeleton bites you.
* * * LOW HITPOINT WARNING * * *
The swamp dragon skeleton claws you but does no damage.
You block the swamp dragon skeleton's attack.
You enter the shallow water.
Moving in this stuff is going to be slow.
* * * LOW HITPOINT WARNING * * *
You feel extremely sick. The death drake breathes miasma at you.
The foul vapour misses you.
The death drake bites you but does no damage.
You are engulfed in dark miasma.
You are more poisoned.
* * * LOW HITPOINT WARNING * * *
You die...

+#############'####
#.♣♣ #♣≈♣ ♣.♣♣ ♣♣≈♣
♣.♣♣ ♣.♣♣ ♣°°♣
♣♣@♣♣ ♣♣○♣ ♣Zk♣
♣°°°...P..≈
♣≈°≈○°.≈≈°.
♣.♣P≈°○.≈≈≈
♣♣♣♣♣♣♣♣∩∩∩ ♣♣


You could see a death drake (catching breath).

Vanquished Creatures
  Rupert (D)
  Gastronok (D)
  A dire elephant (D)
  Snorg (D)
  A centaur warrior (D)
  4 death yaks (D)
  An orc high priest (D)
  A death drake (D)
  A deep elf pyromancer (D)
  An elephant (D)
  2 black mambas (D)
  2 cane toads (D)
  An unseen horror (D)
  A rime drake (D)
  A komodo dragon (D)
  A queen bee (D)
  8 blink frogs (D)
  A shadow (D)
  A spatial vortex (D)
  3 wandering mushrooms (D)
  A swamp drake (D)
  An orc warrior (D)
  A necrophage (D)
  2 centaurs (D)
  2 swamp dragon skeletons (D)
  An earth elemental (D)
  A water elemental (D)
  32 killer bees (D)
  A jelly (D)
  2 orc wizards (D)
  A wizard (D)
  A necromancer (D)
  3 humans (D)
  A kobold demonologist (D)
  A wolf (D)
  5 orcs (D)
  4 rats (D)
94 creatures vanquished.

Vanquished Creatures (collateral kills)
  A dire elephant (D)
  An orc sorcerer (D)
  An orc knight (D)
  An elephant (D)
  An orc wizard (D)
  6 orcs (D)
11 creatures vanquished.

Vanquished Creatures (others)
  9 plants (D)
9 creatures vanquished.

Grand Total: 114 creatures vanquished

Notes
Turn   | Place    | Note
-------+----------+-------------------------------------------
     0 | D        | boopmooplesden the Minotaur Berserker began the quest for
                  | the Orb.
     0 | D        | Reached XP level 1. HP: 19/19 MP: 0/0
    10 | D        | Reached ** piety under Trog
    42 | D        | Reached skill level 5 in Fighting
    42 | D        | Reached skill level 5 in Long Blades
    42 | D        | Reached XP level 2. HP: 25/29 MP: 1/1
    50 | D        | Reached XP level 3. HP: 16/37 MP: 2/2
   219 | D        | Gained mutation: Your body sometimes deteriorates upon
                  | taking damage. [potion of mutation]
   220 | D        | Lost mutation: Your body sometimes deteriorates upon taking
                  | damage. [potion of mutation]
   220 | D        | Gained mutation: You are partially covered in large bone
                  | plates. (SH +4) [potion of mutation]
   220 | D        | Gained mutation: You are strong-willed. (Will+) [potion of
                  | mutation]
   220 | D        | Gained mutation: Your flesh is cold resistant. (rC+)
                  | [potion of mutation]
   220 | D        | Gained mutation: You have sharp toenails. [potion of
                  | mutation]
   231 | D        | Noticed a water elemental
   233 | D        | Killed a water elemental
   234 | D        | Reached XP level 4. HP: 47/47 MP: 3/3
   374 | D        | Found a basalt altar of Yredelemnul.
   374 | D        | Found a shadowy altar of Dithmenos.
   374 | D        | Found a sacrificial altar of Ru.
   374 | D        | Noticed a necrophage
   376 | D        | Killed a necrophage
   376 | D        | Reached *** piety under Trog
   377 | D        | Reached XP level 5. HP: 56/56 MP: 4/4
   522 | D        | Found a hide-covered altar of Uskayaw.
   522 | D        | Found an iron altar of Okawaru.
   524 | D        | Found a bloodstained altar of Trog.
   524 | D        | Found an ornate altar of the Wu Jian Council.
   524 | D        | Noticed a human
   524 | D        | Noticed a human
   529 | D        | Killed a human
   530 | D        | Reached skill level 10 in Fighting
   530 | D        | Reached skill level 5 in Armour
   530 | D        | Reached skill level 5 in Dodging
   530 | D        | Reached XP level 6. HP: 66/66 MP: 5/5
   538 | D        | Killed a human
   538 | D        | Reached **** piety under Trog
   539 | D        | Reached skill level 1 in Stealth
   651 | D        | Found a radiant altar of Vehumet.
   653 | D        | Found a shimmering blue altar of Sif Muna.
   653 | D        | Found an ancient bone altar of Kikubaaqudgha.
   656 | D        | Reached XP level 7. HP: 74/74 MP: 6/6
   688 | D        | Found a glowing silver altar of Zin.
   690 | D        | Found a glowing golden altar of the Shining One.
   690 | D        | Found a white marble altar of Elyvilon.
   690 | D        | Noticed a deep elf pyromancer
   694 | D        | Killed a deep elf pyromancer
   707 | D        | Noticed a shadow
   708 | D        | Killed a shadow
   709 | D        | Reached XP level 8. HP: 85/85 MP: 7/7
   712 | D        | Reached ***** piety under Trog
   717 | D        | Found a blossoming altar of Fedhas.
   717 | D        | Found a stormy altar of Qazlal.
   717 | D        | Found a snail-covered altar of Cheibriados.
   717 | D        | Found a burning altar of Makhleb.
   717 | D        | Found a shimmering altar of Xom.
   718 | D        | Found a hazy altar of Hepliaklqana.
   718 | D        | Found an opulent altar of Gozag.
   718 | D        | Found a sparkling altar of Nemelex Xobeh.
   718 | D        | Found a corrupted altar of Lugonu.
   718 | D        | Found a viscous altar of Jiyva.
   987 | D        | Noticed Snorg
   998 | D        | Killed Snorg
   999 | D        | Reached skill level 1 in Shields
  1334 | D        | Reached XP level 9. HP: 71/96 MP: 8/8
  1431 | D        | Noticed a centaur warrior
  1443 | D        | Killed a centaur warrior
  1444 | D        | Reached skill level 15 in Fighting
  1765 | D        | Killed an unseen horror
  2035 | D        | Noticed an orc high priest
  2047 | D        | Noticed a sixfirhy
  2057 | D        | Killed an orc high priest
  2067 | D        | Received a gift from Trog
  2068 | D        | Noticed an orc sorcerer
  2068 | D        | Noticed an orc knight
  2079 | D        | Killed an orc knight
  2080 | D        | Reached skill level 10 in Dodging
  2080 | D        | Reached XP level 10. HP: 75/108 MP: 9/9
  2081 | D        | Killed an orc sorcerer
  2083 | D        | Identified the +4 great sword of Fee Simple {vorpal, Str-2
                  | SInv Stlth+} (Trog gifted it to you in the Dungeon)
  2083 | D        | Received a gift from Trog
  2107 | D        | Found Nidups's Assorted Antiques.
  2145 | D        | Bought a pitted battleaxe for 253 gold pieces
  2145 | D        | Identified the +8 battleaxe of Debt {venom, rPois rF+ Str+3
                  | Dex-4} (You bought it in a shop in the Dungeon)
  2145 | D        | Bought a scroll labelled LITTOCH YNIN for 22 gold pieces
  2145 | D        | Bought a fuming blue potion for 19 gold pieces
  2218 | D        | Reached skill level 1 in Axes
  2218 | D        | Reached skill level 5 in Shields
  2218 | D        | Reached skill level 1 in Evocations
  2224 | D        | Reached ****** piety under Trog
  2234 | D        | Received a gift from Trog
  2244 | D        | Received a gift from Trog
  2255 | D        | Reached skill level 5 in Axes
  2671 | D        | Received a gift from Trog
  2846 | D        | Noticed a cane toad
  2846 | D        | Noticed a cane toad
  2851 | D        | Killed a cane toad
  2856 | D        | Killed a cane toad
  3038 | D        | Reached XP level 11. HP: 105/118 MP: 10/10
  3047 | D        | Reached skill level 10 in Axes
  3051 | D        | Identified the +3 battleaxe of Xihyed {vorpal, Stlth+}
                  | (Trog gifted it to you in the Dungeon)
  3051 | D        | Received a gift from Trog
  3065 | D        | Noticed a dire elephant
  3065 | D        | Noticed a dire elephant
  3065 | D        | Noticed Gastronok
  3078 | D        | Killed a dire elephant
  3079 | D        | Reached skill level 10 in Armour
  3081 | D        | Killed a dire elephant
  3089 | D        | Killed Gastronok
  3089 | D        | Received a gift from Trog
  3271 | D        | Noticed an azure jelly
  3271 | D        | Noticed an azure jelly
  3271 | D        | Noticed an azure jelly
  3272 | D        | Noticed an azure jelly
  3275 | D        | Noticed Rupert
  3285 | D        | Killed Rupert
  3303 | D        | Noticed a death yak
  3304 | D        | Noticed a death yak
  3305 | D        | Noticed a death yak
  3308 | D        | Killed a death yak
  3309 | D        | Reached skill level 15 in Axes
  3312 | D        | Noticed a death yak
  3313 | D        | Killed a death yak
  3316 | D        | Killed a death yak
  3323 | D        | Killed a death yak
  3323 | D        | Received a gift from Trog
  3324 | D        | Reached XP level 12. HP: 93/130 MP: 11/11
  3543 | D        | Identified the +3 falchion "Fuson" {flame, rF- rN+ SInv
                  | Stlth+} (Trog gifted it to you in the Dungeon)
  3543 | D        | Received a gift from Trog
  3628 | D        | Found Rink's Jewellery Shoppe.
  3628 | D        | Found Kahiolyt's Distillery.
  3628 | D        | Found Erchuher's Antique Armour Emporium.
  3633 | D        | Succumbed to a death drake's dark miasma

Illustrated notes

Levels and vault maps discovered:
D:        dungeon_sprint_mu [sprint_mu_entry_forest, sprint_mu_temple_rooms,
          sprint_mu_d1_horrors, sprint_mu_d2_genie, sprint_mu_d3_branching,
          sprint_mu_orc_legion, sprint_mu_elf_gauntlet, sprint_mu_hive_nellie,
          sprint_mu_lair_fedhas, sprint_mu_vaults_butterflies,
          sprint_mu_slime_circle, sprint_mu_swamp_cave, sprint_mu_shoals_kraken,
          sprint_mu_blade_basic, sprint_mu_crypt_lich, sprint_mu_tomb_spiral,
          sprint_mu_vestibule_basic, sprint_mu_gehenna_hellfire,
          sprint_mu_dis_giant, sprint_mu_tartarus_statrot,
          sprint_mu_cocytus_islands, sprint_mu_zot1]

Skill      XL: |  1  2  3  4  5  6  7  8  9 10 11 12 |
---------------+-------------------------------------+-----
Fighting       | 5 7 8 10 11 12 14 16 17 19 | 19.6
Long Blades    | 5 6 7 9 11 12 14 16 18 19 | 19.1
Armour         | 3 4 5 6 8 12 | 12.2
Dodging        | 3 4 5 6 7 8 10 11 | 11.3
Stealth        | 1 2 4 |  4.7
Shields        | 1 4 6 7 8 |  8.1
Axes           | 9 16 17 | 17.0
Evocations     | 1 |  1.1

Action                   |  1- 3 |  4- 6 |  7- 9 | 10-12 || total
-------------------------+-------+-------+-------+-------++-------
Melee: Falchion          |    17 |    18 |     3 |       ||    38
       Headbutt          |     2 |     2 |    13 |    23 ||    40
       Kick              |     1 |     8 |    15 |    34 ||    58
       Long sword        |       |       |    62 |       ||    62
       Punch             |       |       |     1 |       ||     1
       Battleaxe         |       |       |       |   128 ||   128
       Triple sword      |       |       |       |    32 ||    32
Invok: Berserk           |     1 |     3 |     5 |     6 ||    15
       Brothers in Arms  |       |       |     2 |     1 ||     3
       Trog's Hand       |       |       |     1 |     2 ||     3
Evoke: Wand              |       |       |     1 |       ||     1
       Box of beasts     |       |       |     1 |       ||     1
  Use: Potion            |     2 |       |       |     1 ||     3
 Stab: Sleeping          |       |       |     1 |       ||     1
Armor: Animal skin       |       |       |     8 |       ||     8
       Plate armour      |       |       |       |   112 ||   112
Dodge: Dodged            |    11 |     2 |    50 |   122 ||   185
Block: Other             |       |     1 |    16 |    45 ||    62
